 Dungeon Crawl Stone Soup version 0.28-a0-533-g9f97627e2a (webtiles) character file.

Game seed: 2826032453037985246

1766 MacCMillion the Frost Mage (level 9, -2/66 HPs)
             Began as a Merfolk Ice Elementalist on Sept 25, 2021.
             Was an Initiate of Dithmenos.
             Slain by a white ugly thing (11 damage)
             ... on level 6 of the Dungeon on Sept 28, 2021.
             The game lasted 00:25:10 (7717 turns).

MacCMillion the Frost Mage (MfIE)                   Turns: 7717, Time: 00:25:10

Health: -2/66      AC:  8    Str: 12    XL:     9   Next: 7%
Magic:  7/12       EV: 13    Int: 14    God:    Dithmenos [......]
Gold:   253        SH:  0    Dex: 20    Spells: 3/12 levels left

rFire   + + .      SeeInvis .   l - +0 dagger (elec)
rCold   + . .      Faith    .   (no shield)
rNeg    . . .      Spirit   .   j - +1 robe {rF+}
rPois   .          Reflect  .   (no helmet)
rElec   .          Harm     .   m - scarf {rC+ rF+}
rCorr   .          Rampage  .   (no gloves)
Will    .....                   p - +0 pair of boots
Stlth   ++........              (no amulet)
HPRegen 0.21/turn               n - +4 ring of protection
MPRegen 0.13/turn               q - +6 ring of dexterity

@: no status effects
A: (nimble swimmer 2), mertail
a: Renounce Religion


You were on level 6 of the Dungeon.
You worshipped Dithmenos.
Dithmenos was noncommittal.
You visited 2 branches of the dungeon, and saw 8 of its levels.

You collected 286 gold pieces.
You spent 33 gold pieces at shops.

Inventory:

Hand Weapons
 c - a +0 dagger of venom
 l - a +0 dagger of electrocution (weapon)
 G - a +4 scimitar of freezing
Missiles
 k - 19 poisoned darts
 H - a throwing net
Armour
 j - a +1 robe of fire resistance (worn)
 m - a scarf of resistance (worn)
 p - a +0 pair of boots (worn)
 s - a +1 cloak
 y - a +0 kite shield
Magical Staves
 t - a staff of fire
Jewellery
 n - a +4 ring of protection (left hand)
 q - a +6 ring of dexterity (right hand)
 z - an amulet of reflection
Wands
 r - a wand of flame (24)
 B - a wand of acid (10)
 E - a wand of paralysis (5)
Scrolls
 a - 2 scrolls of identify
 b - 2 scrolls of immolation {unknown}
 d - a scroll of silence {unknown}
 e - a scroll of enchant weapon {unknown}
 g - a scroll of fog {unknown}
 u - 3 scrolls of vulnerability {unknown}
 v - 2 scrolls of noise {unknown}
 w - a scroll of teleportation
 A - a scroll of enchant armour {unknown}
 C - a scroll of summoning {unknown}
 D - a scroll of amnesia {unknown}
 F - a scroll of brand weapon {unknown}
Potions
 f - 2 potions of haste
 h - 2 potions of curing
 i - a potion of might
 o - a potion of heal wounds
 x - a potion of cancellation {unknown}


   Skills:
 + Level 4.7 Fighting
 + Level 7.3 Short Blades
 - Level 2.6 Dodging
 - Level 2.1 Stealth
 - Level 2.0 Spellcasting
 + Level 1.8 Hexes
 - Level 8.0 Ice Magic
 - Level 5.0 Evocations


You had 3 spell levels left.
You knew the following spells:

 Your Spells              Type           Power      Damage    Failure   Level
a - Freeze                Ice            92%        1d10      1%          1
b - Frozen Ramparts       Ice            46%        1d6       2%          3
c - Ozocubu's Armour      Ice            23%        N/A       2%          3
d - Ensorcelled Hibernat  Hex/Ice        30%        N/A       4%          2

Your spell library contained the following spells:

 Spells                   Type           Power      Damage    Failure   Level
 Tukima's Dance           Hex            6%         N/A       32%         3
 Hailstorm                Conj/Ice       12%        3d5       41%         4
 Animate Armour           Summ/Erth      2%         N/A       93%         4
 Passage of Golubria      Tloc           N/A        N/A       93%         4
 Yara's Violent Unravell  Hex/Tmut       2%         3d3       99%         5
 Blade Hands              Tmut           0%         N/A       100%        5
 Iron Shot                Conj/Erth      0%         9d1       100%        6


Dungeon Overview and Level Annotations

Branches:
Dungeon (7/15)             Temple (1/1) D:6

Altars:
Ashenzari
Cheibriados
Dithmenos
Elyvilon
Hepliaklqana
Kikubaaqudgha
Makhleb
Uskayaw
Vehumet
Xom
The Shining One

Shops:
D:2 *!   D:4 [   D:6 !

Annotations:
D:7 exclusion: gargoyle


Innate Abilities, Weirdness & Mutations

((You are quick and stealthy near water. (Stealth+, EV+, Speed+++)))
Your lower body shifts to a powerful aquatic tail in water.


Message History

The wall freezes something but does no damage.
The white ugly thing completely resists.
The wall freezes the white ugly thing but does no damage.
The white ugly thing tentacle-slaps you but does no damage.
You hit the white ugly thing but do no damage.
Lightning courses through the white ugly thing!
The white ugly thing is heavily wounded.
The wall freezes something but does no damage.
You hit the white ugly thing but do no damage.
The white ugly thing is heavily wounded.
You feel sick.
The white ugly thing resists.
The wall freezes the white ugly thing.
The white ugly thing barely misses you.
The wall freezes something but does no damage.
You closely miss the white ugly thing.
The white ugly thing is heavily wounded.
The frozen ramparts melt away.
You feel sick.
The white ugly thing tentacle-slaps you but does no damage.
You hit the white ugly thing.
The white ugly thing is heavily wounded.
The white ugly thing tentacle-slaps you!
The white ugly thing freezes you! You resist.
Your icy armour will break if you move.
Continue?
Your icy armour cracks and falls away as you move.
You feel sick.
You feel sick.
You are no longer poisoned.
The white ugly thing tentacle-slaps you but does no damage.
There is a stone staircase leading up here.
The shadow strikes at you from the darkness!
* * * LOW HITPOINT WARNING * * *
Reactivating autopickup.
The white ugly thing misses you.
You climb upwards.
There is a stone staircase leading down here.
The shadow slips into darkness.
The shadow flickers and vanishes!
Deactivating autopickup; reactivate with Ctrl-A.
There is a stone staircase leading up here.
The white ugly thing tentacle-slaps you!
You die...

###.# ##≈≈≈P≈..##
###.# #.≈...≈.≈b#
#...# #############
#..## #............
#.######.#####.#####
#........#≈.≈#.#≈≈.#
###..##.###≈.#.#≈.##
#..##.# ##≈#.#.###
#@u##.######.### #
##...#.##......# #
#.....{........###
#....#.>.........#
#.#########.####.#
#.# #.# #.# #.# #.#
#.# #.# ####.####.#
#.# #.......#.#


You could see a white ugly thing.

Vanquished Creatures
  A water moccasin (D:7)
  A black bear (D:5)
  2 necrophages
  An orc warrior (D:6)
  An ogre (D:6)
  A phantom (D:5)
  A kobold brigand (D:4)
  4 scorpions
  A water moccasin zombie (D:5)
  A water moccasin skeleton (D:5)
  A wight (D:7)
  A howler monkey (D:4)
  A bullfrog zombie (D:5)
  4 hounds
  An orc priest (D:4)
  2 bullfrog skeletons
  2 centaur skeletons
  A jelly (D:6)
  4 iguanas
  2 orc wizards
  A hound zombie (D:5)
  A hound skeleton (D:5)
  A howler monkey skeleton (D:4)
  4 adders
  An ufetubus (D:4)
  An adder skeleton (D:4)
  2 worms
  3 dart slugs
  18 orcs
  3 ball pythons
  7 bats
  3 endoplasms
  3 giant cockroaches
  16 goblins
  9 hobgoblins
  6 jackals
  2 kobolds
  2 quokkas (D:2)
  2 frilled lizards (D:1)
  4 rats
122 creatures vanquished.

Vanquished Creatures (others)
  20 fungi (D:6)
20 creatures vanquished.

Grand Total: 142 creatures vanquished

Notes
Turn   | Place    | Note
-------+----------+-------------------------------------------
     0 | D:1      | MacCMillion the Merfolk Ice Elementalist began the quest
                  | for the Orb.
     0 | D:1      | Reached XP level 1. HP: 13/13 MP: 3/3
   349 | D:1      | Reached XP level 2. HP: 19/19 MP: 1/5
   450 | D:1      | Reached skill level 5 in Ice Magic
  1040 | D:1      | Reached XP level 3. HP: 24/24 MP: 4/6
  1362 | D:1      | Learned a level 3 spell: Frozen Ramparts
  1397 | D:2      | Found Irett's Assorted Antiques.
  1955 | D:2      | Reached skill level 6 in Ice Magic
  1990 | D:2      | Reached XP level 4. HP: 30/30 MP: 7/7
  2003 | D:2      | Learned a level 3 spell: Ozocubu's Armour
  2428 | D:2      | Found Juozxaol's Distillery.
  2436 | D:2      | Bought a potion of curing for 33 gold pieces
  3611 | D:4      | Reached XP level 5. HP: 35/35 MP: 3/8
  3684 | D:4      | Noticed a kobold brigand
  3827 | D:4      | Reached skill level 7 in Ice Magic
  3944 | D:4      | Reached skill level 1 in Short Blades
  4010 | D:4      | Reached XP level 6. HP: 37/41 MP: 5/9
  4185 | D:4      | You fall into a shaft and drop 1 floor!
  4185 | D:5      | Entered Level 5 of the Dungeon
  4471 | D:4      | Reached skill level 8 in Ice Magic
  4826 | D:4      | Found Badowny's Antique Armour Boutique.
  4893 | D:4      | Reached XP level 7. HP: 46/46 MP: 10/10
  5116 | D:5      | Reached skill level 1 in Evocations
  5319 | D:5      | Reached skill level 5 in Short Blades
  5361 | D:5      | Reached skill level 1 in Fighting
  5515 | D:5      | Reached XP level 8. HP: 56/56 MP: 3/11
  5738 | D:5      | Found a white marble altar of Elyvilon.
  6936 | D:6      | Found a staircase to the Ecumenical Temple.
  6989 | Temple   | Entered the Ecumenical Temple
  7103 | Temple   | Became a worshipper of Dithmenos the Shadowed
  7321 | D:6      | Found Aqada Egetir's Distillery.
  7380 | D:7      | Learned a level 2 spell: Ensorcelled Hibernation
  7542 | D:7      | Noticed a hornet
  7542 | D:7      | Noticed a gargoyle
  7601 | D:7      | Reached skill level 1 in Hexes
  7683 | D:7      | Noticed a white ugly thing
  7683 | D:7      | Noticed a shadow
  7688 | D:7      | Reached XP level 9. HP: 57/66 MP: 4/12
  7690 | D:7      | Reached skill level 5 in Evocations
  7717 | D:6      | Slain by a white ugly thing

Illustrated notes

Levels and vault maps discovered:
D:1:      kilobyte_arrival_exit_the_forest, layout_basic, serial_aquarium,
          aquarium_bridge_straight [aquarium_subvault_bridge,
          aquarium_subvault_window, aquarium_subvault_bridge,
          aquarium_subvault_window], aquarium_bridge_long_separate
          [aquarium_subvault_balcony, aquarium_subvault_bridge,
          aquarium_subvault_bridge, aquarium_subvault_bridge,
          aquarium_subvault_wall, aquarium_subvault_bridge], aquarium_window_2,
          aquarium_window_corridor_2, aquarium_view_2c, minmay_split_cup_small
D:2:      minmay_angry_zag, layout_basic, serial_shops, nicolae_shop_trees,
          nicolae_shop_overgrown_old_shop, minmay_goblin_outpost
D:3:      layout_basic, hex_tiny
D:4:      layout_loops_ring, serial_shops, nicolae_shop_behind_doors
D:5:      layout_basic, kennysheep_little_box, nicolae_underground_beach
D:6:      layout_loops_ring, minmay_temple_entry_statues, serial_aquarium,
          aquarium_bridge_long_separate [aquarium_subvault_bridge,
          aquarium_subvault_bridge, aquarium_subvault_bridge,
          aquarium_subvault_bridge, aquarium_subvault_bridge,
          aquarium_subvault_bridge], aquarium_bridge_island_small
          [aquarium_subvault_small_open, aquarium_subvault_balcony,
          aquarium_subvault_wall, aquarium_subvault_bridge,
          aquarium_subvault_wall], aquarium_window_2, aquarium_window_1,
          aquarium_view_2e, aquarium_balcony_3a, serial_shops,
          nicolae_diamond_shop
D:7:      cheibrodos_barr_body, layout_layer_cave
Temple:   roderic_octagonal_lattice_temple

Skill      XL: |  1  2  3  4  5  6  7  8  9 |
---------------+----------------------------+-----
Ice Magic      | 5 6 7 8 |  8.0
Short Blades   | 2 4 5 7 |  7.3
Evocations     | 3 4 5 |  5.0
Fighting       | 1 4 |  4.7
Hexes          | 1 |  1.8
Dodging        | |  2.6
Stealth        | |  2.1
Spellcasting   | |  2.0

Action                   |  1- 3 |  4- 6 |  7- 9 || total
-------------------------+-------+-------+-------++-------
Melee: Dagger            |    20 |    61 |   105 ||   186
 Cast: Freeze            |    42 |    33 |    34 ||   109
       Frozen Ramparts   |     1 |     6 |    13 ||    20
       Ozocubu's Armour  |       |     1 |    11 ||    12
       Ensorcelled Hiber |       |       |     2 ||     2
  Use: Potion            |     1 |       |       ||     1
       Scroll            |       |     2 |     2 ||     4
 Stab: Sleeping          |     1 |     3 |     3 ||     7
Armor: Robe              |    13 |    19 |    39 ||    71
Dodge: Dodged            |    23 |    57 |    56 ||   136

Table legend: (Time is in decaauts)
 A = Elapsed time spent in this place.
 B = Non-inter-level travel time spent in this place.
 C = Inter-level travel time spent in this place.
 D = Time resting spent in this place.
 E = Time spent auto-exploring this place.
 F = Levels seen in this place.
 G = Mean time per level.
                   A        B        C        D        E       F      G
               +--------+--------+--------+--------+--------+-----+--------+
         Total |   7671 |   7437 |    234 |   1343 |   4866 |   8 |  958.9 |
       Dungeon |   7533 |   7321 |    212 |   1343 |   4766 |   7 | 1076.1 |
        Temple |    138 |    116 |     22 |      0 |    100 |   1 |  138.0 |
               +--------+--------+--------+--------+--------+-----+--------+

Top non-repeatable levels by time:
     D:2: 1436 daAuts
     D:1: 1387 daAuts
     D:4: 1248 daAuts
     D:6: 1196 daAuts
     D:5: 1151 daAuts
     D:3: 760 daAuts
     D:7: 352 daAuts
  Temple: 138 daAuts
